 Dungeon Crawl Stone Soup version 0.24.0-125-gc4c63601f3 (webtiles) character file.

Game seed: 4614762688059320397, levelgen mode: deterministic

172 Johnny the Ruffian (level 5, 0/50 HPs)
             Began as a Naga Berserker on Feb 26, 2020.
             Was a Believer of Trog.
             Slain by a jelly (2 damage)
             ... on level 3 of the Dungeon.
             The game lasted 00:02:23 (1978 turns).

Johnny the Ruffian (Naga Berserker)                 Turns: 1978, Time: 00:02:23

Health: 0/50       AC:  0    Str: 20    XL:     5   Next: 52%
Magic:  5/5        EV: 11    Int:  7    God:    Trog [**....]
Gold:   91         SH:  0    Dex: 16    Spells: 4/4 levels left

rFire    . . .     SeeInvis +     - Unarmed
rCold    . . .     Gourm    .   (no shield)
rNeg     . . .     Faith    .   a - +0 chain mail (curse)
rPois    +         Spirit   .   (no helmet)
rElec    .         Reflect  .   (no cloak)
rCorr    .         Harm     .   h - +1 pair of gloves
MR       .....                  (no barding)
Stlth    ..........             (no amulet)
HPRegen  0.16/turn              (no ring)
MPRegen  0.09/turn              (no ring)

@: agile, corroded, berserk cooldown, slowed, very slow
A: large, see invisible, deformed body, poison resistance, slowness 2, slow
metabolism 1, spit poison 1, AC +1
a: Spit Poison, Berserk, Trog's Hand, Renounce Religion


You were on level 3 of the Dungeon.
You worshipped Trog.
Trog was pleased with you.
You were hungry.

You visited 1 branch of the dungeon, and saw 3 of its levels.

You collected 91 gold pieces.

Inventory:

Armour
 a - a cursed +0 chain mail (worn)
 h - a +1 pair of gloves (worn)
Jewellery
 n - an uncursed amulet of guardian spirit {unknown}
Scrolls
 d - 4 scrolls of remove curse {unknown}
 g - 5 scrolls of identify {unknown}
 j - a scroll of magic mapping {unknown}
 k - a scroll of fog {unknown}
Potions
 c - a potion of brilliance {unknown}
 e - a potion of agility
 f - a potion of invisibility {unknown}
 i - 2 potions of flight {unknown}
 l - a potion of mutation {unknown}
 m - 2 potions of resistance {unknown}
Comestibles
 b - 4 rations


   Skills:
 + Level 4.1 Fighting
 - Level 1.5 Armour
 - Level 1.5 Dodging
 * Level 5.2 Unarmed Combat


You had 4 spell levels left.
You didn't know any spells.
Your spell library was empty.

Dungeon Overview and Level Annotations

Branches:
Dungeon (3/15)

Altars:
Dithmenos


Innate Abilities, Weirdness & Mutations

You cannot wear boots.
Your serpentine skin is tough. (AC +1)
You have supernaturally acute eyesight. (SInv)
Armour fits poorly on your strangely shaped body.
Your system is resistant to poisons. (rPois)
You cover ground very slowly.
You have a slow metabolism.
You can spit poison.


Message History

The jelly is heavily wounded.
The jelly hits you.
* * * LOW HITPOINT WARNING * * *
You are splashed with acid!
* * * LOW HITPOINT WARNING * * *
You feel a strong urge to attack something.
You hit the jelly but do no damage.
Your hands burn!
* * * LOW HITPOINT WARNING * * *
The jelly is heavily wounded.
Unknown command.
Unknown command.
You feel a strong urge to attack something.
You are no longer berserk.
You are exhausted.
You feel yourself slow down.
Unknown command.
It was a potion of agility.
You feel agile all of a sudden. The jelly hits you.
You die...

#..# # #..##( #..
#.##.##.##. # ##..
........... #.#...
.##.##.### #.#..#
#<.# #....## #.....#
##.....#######
####..#
#............# #..#
#........J@..#######
#..#
#......!####........
...# ##.....##
#.####### #.##
#....## #.# #.#
#.#### #.# #.# #$
#### #.# #.# #.
..###.## ### #.#
#.##...####.###.####
#.#.###.##.#........


You could see a jelly.

Vanquished Creatures
  Natasha (twice) (D:3)
  5 adders
  A worm (D:2)
  A dart slug (D:1)
  7 leopard geckos
  3 giant cockroaches
  10 goblins
  8 hobgoblins
  3 quokkas (D:2)
  5 bats
  5 frilled lizards
  9 kobolds
  7 rats
66 creatures vanquished.

Notes
Turn   | Place    | Note
-------+----------+-------------------------------------------
     0 | D:1      | Johnny the Naga Berserker began the quest for the Orb.
     0 | D:1      | Reached XP level 1. HP: 21/21 MP: 1/1
    46 | D:1      | Reached XP level 2. HP: 17/28 MP: 2/2
   695 | D:2      | Reached XP level 3. HP: 30/34 MP: 3/3
   746 | D:2      | Reached ** piety under Trog
   746 | D:2      | Reached skill level 4 in Unarmed Combat
   835 | D:2      | Reached XP level 4. HP: 40/43 MP: 4/4
   886 | D:2      | Found a shadowy altar of Dithmenos.
  1599 | D:3      | Noticed Natasha
  1610 | D:3      | Killed Natasha
  1610 | D:3      | Reached XP level 5. HP: 50/50 MP: 5/5
  1620 | D:3      | Noticed Natasha
  1640 | D:3      | Killed Natasha
  1640 | D:3      | Reached skill level 5 in Unarmed Combat
  1971 | D:3      | HP: 3/75 [acid (8)]
  1978 | D:3      | Slain by a jelly

Levels and vault maps discovered:
D:1:      minmay_arrival_stone_box, layout_rooms, st_stairs_3,
          minmay_crystal_room, minmay_misc_feat_doors, minmay_heptomino_w4
D:2:      layout_loops_cross, nicolae_dithmenos_through_a_glass_darkly
D:3:      layout_loops_ring, ebering_ghost_inner_flame, uniq_terence,
          uniq_natasha

Skill      XL: |  1  2  3  4  5 |
---------------+----------------+-----
Unarmed Combat | 4 5 |  5.2
Fighting       | 4 |  4.1
Armour         | |  1.5
Dodging        | |  1.5

Action                   |  1- 3 |  4- 6 || total
-------------------------+-------+-------++-------
Melee: Unarmed           |    86 |   143 ||   229
       Punch             |       |     3 ||     3
Invok: Berserk           |     3 |     2 ||     5
       Trog's Hand       |       |     2 ||     2
  Use: Potion            |       |     1 ||     1
 Stab: Sleeping          |     1 |       ||     1
  Eat: Chunk             |     2 |     5 ||     7
Armor: Animal skin       |    17 |       ||    17
       Ring mail         |     4 |    10 ||    14
       Chain mail        |       |    91 ||    91
Dodge: Dodged            |    59 |    55 ||   114
